 Dungeon Crawl Stone Soup version 0.30-b1-2-g02819fbbbe (webtiles) character file.

Game seed: 4487591525380150566

2157 dorian the Cleaver (level 9, -8/72 HPs)
             Began as a Formicid Fighter on May 19, 2023.
             Killed by divine providence
             ... invoked by an orc priest
              (14 damage)
             ... on level 6 of the Dungeon.
             The game lasted 00:07:49 (5620 turns).

dorian the Cleaver (Formicid Fighter)               Turns: 5620, Time: 00:07:50

Health: -8/72      AC:  8    Str: 23    XL:     9   Next: 57%
Magic:  9/9        EV:  9    Int: 10    God:
Gold:   666        SH:  6    Dex: 13    Spells: 8/8 levels left

rFire   . . .        a - +1 war axe (freeze)
rCold   . . .        c - +1 buckler
rNeg    . . .        b - +0 scale mail
rPois   .            (helmet unavailable)
rElec   .            h - scarf {shadows}
rCorr   .            (no gloves)
SInv    +            (no boots)
Will    .....        (no amulet) Stlth
                     (no ring)
HPRegen 0.32/turn    (no ring)
MPRegen 0.11/turn

%: no passive effects
@: mighty, lethally poisoned (-8 -> -15)
A: permanent stasis, dig shafts and tunnels, antennae 3, four strong arms
a: Dig, Shaft Self


You were on level 6 of the Dungeon.
You visited 1 branch of the dungeon, and saw 6 of its levels.

You collected 786 gold pieces.
You spent 120 gold pieces at shops.

Inventory:

Hand Weapons
 a - a +1 war axe of freezing (weapon)
Missiles
 f - a throwing net
Armour
 b - a +0 scale mail (worn)
 c - a +1 buckler (worn)
 h - a scarf of shadows (worn)
 u - the +3 leather armour of the Sea {rElec Str-2 Int+3}
   (You found it on level 6 of the Dungeon)

   Str:       It affects your strength (-2).
   Int:       It affects your intelligence (+3).
   rElec:     It insulates you from electricity.
Magical Staves
 n - a staff of earth
Jewellery
 i - a ring of positive energy
Wands
 r - a wand of paralysis (3)
Scrolls
 g - a scroll of blinking
 o - 2 scrolls of brand weapon
 q - 4 scrolls of teleportation
 t - a scroll of fear
 v - a scroll of enchant armour
 w - a scroll of poison {unknown}
 x - 2 scrolls of enchant weapon
 y - a scroll of fog {unknown}
Potions
 d - a potion of might
 e - a potion of degeneration
 j - a potion of mutation
 k - 4 potions of curing
 l - a potion of resistance
 m - 4 potions of berserk rage
 p - 3 potions of flight
 s - 2 potions of lignification
 z - 2 potions of attraction
 A - 2 potions of brilliance


   Skills:
 + Level 7.3 Fighting
 * Level 8.8 Axes
 + Level 7.3 Armour
 - Level 4.0 Shields


You had 8 spell levels left.
You didn't know any spells.
Your spell library contained the following spells:

 Spells                   Type           Power      Damage    Failure   Level
 Apportation              Tloc           0%         N/A       71%         1
 Necrotise                Necr           0%         1d4       71%         1
 Summon Small Mammal      Summ           0%         N/A       71%         1
 Lesser Beckoning         Tloc           0%         N/A       85%         2
 Sublimation of Blood     Necr           0%         N/A       85%         2
 Gell's Gravitas          Tloc           0%         N/A       97%         3
 Teleport Other           Tloc           0%         N/A       97%         3
 Anguish                  Hex/Necr       0%         N/A       100%        4
 Cause Fear               Hex            0%         N/A       100%        4
 Petrify                  Tmut/Erth      0%         N/A       100%        4
 Irradiate                Conj/Tmut      0%         3d11      100%        5
 Enfeeble                 Hex            0%         N/A       100%        7


Dungeon Overview and Level Annotations

Branches:
Dungeon (6/15)
 Temple: D:4-7

Altars:
Gozag
Uskayaw
Wu Jian
Xom
Zin

Shops:
D:4 *(


Innate Abilities, Weirdness & Mutations

You cannot be hasted, slowed, berserked, paralysed or teleported.
You can dig through walls and to a lower floor.
You have a pair of large antennae on your head. (SInv)
Your four strong arms can wield two-handed weapons with a shield.


Message History

You hit the orc warrior but do no damage.
The orc warrior hits you with a +0 scimitar.
The orc wizard gestures wildly while chanting.
The orc wizard flickers and vanishes for a moment.
You closely miss the orc priest.
You hit the orc warrior but do no damage.
The orc priest hits you with a +0 club. The orc warrior barely misses you.
Unknown command.
You slash the orc priest! You freeze the orc priest.
The orc priest is severely wounded.
You hit the orc wizard. You freeze the orc wizard. You slash the orc warrior!
You freeze the orc warrior.
The orc priest calls upon Beogh to heal the orc warrior.
The orc warrior is healed somewhat.
The orc warrior closely misses you.
The orc wizard hits you but does no damage.
You are poisoned.
You block the orc priest's attack. The orc warrior barely misses you.
The orc wizard hits you but does no damage.
You are more poisoned.
Unknown command.
You feel better.
The orc priest casts a cantrip, but nothing happens.
The orc wizard completely misses you. The orc warrior barely misses you.
You barely miss the orc priest.
The orc priest is severely wounded.
You slash the orc warrior! You freeze the orc warrior. You miss the orc wizard.
The orc priest mumbles some strange prayers to Beogh against you.
Beogh smites you!
* * * LOW HITPOINT WARNING * * *
The orc wizard hits you but does no damage.
You are poisoned.
The orc warrior hits you with a +0 scimitar.
* * * LOW HITPOINT WARNING * * *
Unknown command.
You feel very mighty all of a sudden.
* * * LOW HITPOINT WARNING * * *
You feel very sick.
The orc priest calls down the wrath of Beogh upon you.
Beogh smites you!
You die...

#.......# #.......#
+.......# #.......###
##### #+###..........
..... #..o#..>.......
..... #..o@..........
..... #..o#..........
..... +...#..........
..... #####..........
..... #.......#########
#.......#......#.
+.......#......#. ....
#.......#......#. #....
..#+###.....(.###'####.


You could see an orc warrior, an orc priest and an orc wizard (invisible).

Vanquished Creatures
  Prince Ribbit (D:5)
  Sigmund (D:5)
  Eustachio (D:6)
  A steam dragon (D:5)
  An orc warrior (D:6)
  3 black bears
  An ice beast (D:5)
  An ogre (D:5)
  A phantom (D:5)
  A gnoll sergeant (D:6)
  6 scorpions
  An orc priest (D:6)
  4 jellies
  2 hounds
  An iguana (D:6)
  2 orc wizards (D:6)
  8 gnolls
  7 adders
  A shadow imp (D:5)
  An ufetubus (D:4)
  2 worms
  2 dart slugs
  3 orcs
  5 ball pythons
  6 bats
  4 endoplasms
  4 giant cockroaches
  3 goblins (D:1)
  3 hobgoblins
  13 jackals
  5 quokkas
  4 frilled lizards (D:1)
  7 kobolds
  3 rats
109 creatures vanquished.

Notes
Turn   | Place    | Note
-------+----------+-------------------------------------------
     0 | D:1      | dorian the Formicid Fighter began the quest for the Orb.
     0 | D:1      | Reached XP level 1. HP: 18/18 MP: 1/1
   116 | D:1      | Reached XP level 2. HP: 24/24 MP: 2/2
   209 | D:1      | Reached XP level 3. HP: 27/29 MP: 3/3
   295 | D:1      | Reached skill level 3 in Axes
   676 | D:2      | Found a faded altar of an unknown god.
   751 | D:2      | Reached XP level 4. HP: 30/37 MP: 4/4
  1498 | D:3      | You fall into a shaft and drop 2 floors!
  1498 | D:5      | Entered Level 5 of the Dungeon
  1521 | D:5      | Reached XP level 5. HP: 42/42 MP: 5/5
  1568 | D:5      | Reached skill level 4 in Axes
  1586 | D:5      | Found a hide-covered altar of Uskayaw.
  1624 | D:5      | Noticed Prince Ribbit
  1641 | D:5      | Killed Prince Ribbit
  1642 | D:5      | Reached skill level 5 in Axes
  1642 | D:5      | Reached XP level 6. HP: 16/50 MP: 6/6
  1786 | D:5      | Noticed a black bear
  1806 | D:5      | Noticed an ice beast
  1834 | D:4      | Reached skill level 5 in Fighting
  1834 | D:4      | Reached XP level 7. HP: 46/56 MP: 7/7
  1854 | D:4      | Reached skill level 5 in Armour
  2426 | D:4      | Identified a scroll of acquirement
  2426 | D:4      | Acquired 605 gold pieces
  2479 | D:4      | Found Dolax's General Store.
  2553 | D:4      | Bought a scarf of shadows for 120 gold pieces
  2593 | D:4      | Found Jonk's Weapon Boutique.
  2675 | D:4      | Reached skill level 6 in Axes
  2726 | D:4      | Found an ornate altar of the Wu Jian Council.
  3248 | D:5      | Reached XP level 8. HP: 43/63 MP: 8/8
  3690 | D:5      | Found a shimmering altar of Xom.
  3908 | D:5      | Reached skill level 7 in Axes
  3952 | D:5      | Found an opulent altar of Gozag.
  4252 | D:5      | Noticed Sigmund
  4263 | D:5      | Killed Sigmund
  4264 | D:5      | Reached XP level 9. HP: 66/71 MP: 9/9
  4797 | D:6      | Noticed Eustachio
  4805 | D:5      | Reached skill level 8 in Axes
  5022 | D:6      | Killed Eustachio
  5483 | D:6      | Found a glowing silver altar of Zin.
  5607 | D:6      | Identified the +3 leather armour of the Sea {rElec Str-2
                  | Int+3}
  5620 | D:6      | Killed from afar by an orc priest

Illustrated notes

Levels and vault maps discovered:
D:1:      amcnicky_arrival_feature_with_door, layout_rooms,
          chequers_serial_rivers_micro_b, minmay_misc_feat_diagonals,
          hangedman_decor_clover_reticule
D:2:      layout_loops_ring, chequers_ecumenical_altar_simple_redux
D:3:      layout_loops_corners, minmay_misc_feat_columns,
          corexii_leaking_fountain, minmay_misc_feat_encased, uniq_grinder,
          uniq_natasha, uniq_terence, uniq_jessica, uniq_ijyb
D:4:      layout_basic, nzn_wu_jian_council_hall, serial_shops,
          nicolae_shop_tiny_real_fake_doors, nicolae_shop_waterfront
D:5:      layout_basic, old_standard_altar, nicolae_uskayaw_suspiria,
          mainiacjoe_overflow_surrounded_room, serial_rivers,
          chequers_serial_rivers_room_a, chequers_serial_rivers_micro_a,
          chequers_serial_rivers_marsh, chequers_serial_rivers_micro_e,
          chequers_serial_rivers_room_b, chequers_serial_rivers_micro_d,
          chequers_avenue, st_stairs_14, uniq_sigmund, uniq_prince_ribbit1
D:6:      layout_gridville, mainiacjoe_overflow_small_starburst,
          nicolae_ru_path_of_blood, st_stairs_1, minmay_checkerbox,
          uniq_eustachio

Skill      XL: |  1  2  3  4  5  6  7  8  9 |
---------------+----------------------------+-----
Axes           | 3 5 6 7 8 |  8.8
Fighting       | 4 5 6 7 |  7.3
Armour         | 4 5 6 7 |  7.3
Shields        | |  4.0

Action                     |  1- 3 |  4- 6 |  7- 9 || total
---------------------------+-------+-------+-------++-------
  Melee: War axe           |    99 |    61 |   209 ||   369
  Evoke: Wand              |       |     1 |       ||     1
    Use: Scroll            |       |     6 |    11 ||    17
         Potion            |       |     1 |     3 ||     4
   Stab: Paralysed         |       |     3 |       ||     3
 Armour: Scale mail        |    62 |    32 |    83 ||   177
  Dodge: Dodged            |    60 |    34 |   105 ||   199
  Block: Buckler           |    33 |    24 |    62 ||   119
